 Dungeon Crawl Stone Soup version 0.30.1-4-g462c640d31 (webtiles) character file.

Game seed: 7835232898658630741

25 Mune the Grave Robber (level 2, -1/28 HPs)
             Began as a Vampire Necromancer on Aug 12, 2023.
             Slain by Sigmund
             ... wielding a +0 scythe
              (5 damage)
             ... on level 2 of the Dungeon.
             The game lasted 00:03:00 (1440 turns).

Mune the Grave Robber (Vampire Necromancer)         Turns: 1440, Time: 00:03:00

Health: -1/28      AC: 21    Str:  7    XL:     2   Next: 86%
Magic:  1/5        EV:  2    Int: 17    God:
Gold:   91         SH:  0    Dex: 14    Spells: 4/5 levels left

rFire   . . .        d - +0 dagger
rCold   . . .        (no shield)
rNeg    . . .        a - melded +0 robe
rPois   +            (helmet currently unavailable)
rElec   .            g - melded +0 cloak
rCorr   .            (gloves currently unavailable)
SInv    +            (boots currently unavailable)
Will    .....        (no amulet)
Stlth   +            (no ring)
HPRegen 0.44/turn    (no ring)
MPRegen 0.09/turn

%: no passive effects
@: confused, tree-form, healing quickly
A: stationary, stasis, torment immunity, boosted hp, alive, (fangs 3), see
invisible, vampiric 1
a: Exsanguinate


You were on level 2 of the Dungeon.
You were a tree.
You visited 1 branch of the dungeon, and saw 2 of its levels.

You collected 91 gold pieces.

Inventory:

Hand Weapons
 d - a +0 dagger (weapon)
Armour
 a - a +0 robe (melded)
 g - a +0 cloak (melded)
Scrolls
 c - a scroll of fear {unknown}
 i - a scroll of blinking {unknown}
Potions
 b - a potion of magic
 f - a potion of berserk rage {unknown}
 h - a potion of heal wounds {unknown}


   Skills:
 + Level 2.6 Dodging
 + Level 3.8 Stealth
 + Level 2.3 Spellcasting
 + Level 4.6 Necromancy


You had 4 spell levels left.
You knew the following spells:

 Your Spells              Type           Power      Damage    Failure   Level
a - Necrotise             Necr           68%        1d7       2%          1

Your spell library contained the following spells:

 Spells                   Type           Power      Damage    Failure   Level
 Vampiric Draining        Necr           17%        2d7       9%          3
 Animate Dead             Necr           17%        N/A       28%         4
 Agony                    Necr           17%        N/A       61%         5


Dungeon Overview and Level Annotations

Branches:
Dungeon (2/15)

Altars:
Sif Muna

Shops:
D:2 [

Annotations:
D:2 Sigmund


Innate Abilities, Weirdness & Mutations

You are a tree.
Your roots penetrate the ground, keeping you stationary.
You cannot be teleported.
You are immune to unholy pain and torment.
Your maximum health is greatly increased.
Your equipment is partially melded.
Your natural rate of healing is accelerated.
((You have razor-sharp teeth.))
You have supernaturally acute eyesight. (SInv)
You are afflicted with vampirism.


Message History

The bat barely misses you.
Found a stone staircase leading down.
Found a hand axe.
The bat closely misses you.
You hit the bat. Your punch misses the bat.
The bat is severely wounded.
The bat barely misses you.
Sigmund says, "Now you see me, now you don't..."
It was a potion of lignification.
You turn into a tree.
Your +0 cloak melds into your body.
Your +0 robe melds into your body.
Your roots penetrate the ground.
The bat hits you but does no damage. Sigmund casts a spell at you.
You resist with significant effort.
There are monsters nearby!
There are monsters nearby!
Sigmund hits you but does no damage. The bat barely misses you.
The bat hits you but does no damage.
Sigmund screams, "Die, monster!"
Sigmund casts a spell at you.
The puff of flame hits you but does no damage.
The bat hits you but does no damage. Sigmund hits you but does no damage.
The bat hits you but does no damage.
Sigmund hits you from afar with a +0 scythe!
* * * LOW HITPOINT WARNING * * *
The bat hits you but does no damage. Sigmund gestures at you while chanting.
You are confused.
You're too confused to cast spells.
You are too confused!
You're too confused to cast spells.
You are too confused!
You're too confused to cast spells.
Okay, then.
Okay, then.
The bat hits you but does no damage.
Sigmund hits you from afar with a +0 scythe.
* * * LOW HITPOINT WARNING * * *
The bat hits you but does no damage. Sigmund hits you but does no damage.
The bat hits you but does no damage.
Sigmund hits you from afar with a +0 scythe.
You die...

....######.........#.......
#....)...................
#................##..#.#.
#...!...#.#########...∩..
.......).†..# #..#.##
.!.........## ####...
..........@# ####
#..........# ##.######b♣#
#. #..## #>..## ##.# #. ..
.# )#


You could see Sigmund and a bat.

Vanquished Creatures
  An endoplasm (D:1)
  6 goblins
  3 hobgoblins
  4 jackals (D:2)
  3 kobolds
  A ball python (D:2)
  2 bats (D:1)
  A rat (D:2)
21 creatures vanquished.

Notes
Turn   | Place    | Note
-------+----------+-------------------------------------------
     0 | D:1      | Mune the Vampire Necromancer began the quest for the Orb.
     0 | D:1      | Reached XP level 1. HP: 13/13 MP: 3/3
   290 | D:1      | Reached XP level 2. HP: 19/19 MP: 1/5
  1325 | D:2      | Found Cuypy's Armour Emporium.
  1349 | D:2      | Found a shimmering blue altar of Sif Muna.
  1401 | D:2      | Noticed Sigmund
  1440 | D:2      | Slain by Sigmund

Illustrated notes

Levels and vault maps discovered:
D:1:      dpeg_arrival_morbid_curiosity, layout_loops_ring, serial_forest,
          infiniplex_forest_lined_3, infiniplex_forest_straight_5,
          infiniplex_forest_straight_3, infiniplex_forest_clump_large,
          infiniplex_forest_end_3, infiniplex_forest_end_3,
          infiniplex_forest_straight_4, infiniplex_forest_zigzag_1
D:2:      layout_basic, basic_altar, serial_shops, nicolae_shop_crystal,
          nicolae_shop_bloodbath_and_beyond, uniq_jessica, uniq_sigmund

Action                     || total
---------------------------++-------
  Melee: Dagger            ||    34
         Bite              ||     1
   Cast: Necrotise         ||    32
    Use: Potion            ||     1
 Armour: Robe              ||    11
         Skin              ||    12
  Dodge: Dodged            ||    39
